[Event "*** Titled Tuesday Blitz"]
[Site "Chess.com"]
[Date "2018.04.03"]
[Round "4"]
[White "GMSrinath"]
[Black "ViktorMatviishen"]
[Result "0-1"]
[WhiteElo "2721"]
[BlackElo "2570"]
[TimeControl "180+2"]
[EndTime "13:53:59 PDT"]
[Termination "ViktorMatviishen won by resignation"]

1. e4 e5 2. Nf3 Nc6 3. Bb5 a6 4. Ba4 Nf6 5. O-O b5 6. Bb3 Be7 7. Re1 d6 8. c3 O-O 9. h3 Na5 10. Bc2 c5 11. d4 Nd7 12. Nbd2 Qc7 13. Nf1 Nc4 14. a4 bxa4 15. Bxa4 cxd4 16. cxd4 exd4 17.
Nxd4 Nc5 18. Bc2 Bb7 19. b3 Ne5 20. Bb2 Bf6 21. Ng3 g6 22. Rc1 Qb6 23. Qd2 Rac8 24. Ba1 a5 25. Kh1 Rfe8 26. Bc3 Qa6 27. Ra1 a4 28. Red1 a3 29. Bb4 a2 30. Bc3 Ncd3 31. Bxd3 Qxd3 32. Qxd3 Nxd3 33. Rxd3 Rxc3 34. Rxc3 Bxd4 35.
Ne2 Bxc3 36. Nxc3 Rc8 37. Nxa2 Ra8 38. f3 d5 39. Kg1 dxe4 40. fxe4 Kg7 41. Kf1 Bxe4 42.
Ke2 Bxg2 43. Kd3 Bxh3 44. Kc3 Be6 45. Kb2 h5 46. Rh1 Rb8 47. Nc1 Kh6 48. Kc3 g5 49. b4 h4 50. Nd3 Bf5 51. Ne5 f6 52. Nf7+ Kg6 53. Nd6 Bg4 54. b5 h3 55. Kd4 f5 56.
Kc5 Kh5 57. Nf7 f4 58. b6 Kh4 59. Ne5 Bf5 60. Nf3+ Kg4 61. Ne5+ Kh5 62. Nc6 Rb7 63. Nd8 Rd7 64. Nc6 g4 65. Na5 Be4 66. Re1 h2 67. Rxe4 h1=Q 68. Re5+ Kh4 69. Re8 Qc1+ 70. Nc4 Qc3 71. Rc8 Qd4+ 72. Kb5 Qd5+ 73. Rc5 Qb7 74. Ne5 Rd5 0-1

[Event "*** Titled Tuesday Blitz"]
[Site "Chess.com"]
[Date "2018.04.03"]
[Round "4"]
[White "Arash_Tahbaz"]
[Black "GMAkobianSTL"]
[Result "0-1"]
[WhiteElo "2611"]
[BlackElo "2645"]
[TimeControl "180+2"]
[EndTime "13:53:59 PDT"]
[Termination "GMAkobianSTL won by resignation"]

1. Nf3 d5 2. g3 c5 3. Bg2 Nc6 4. d4 Nf6 5. O-O e6 6. c4 Be7 7. cxd5 exd5 8. Nc3 O-O 9. Bg5 c4 10. Ne5 Be6 11. f4 Ng4 12. Bxe7 Nxe7 13. Qd2 f6 14.
Nxg4 Bxg4 15. e4 dxe4 16. Bxe4 Qd7 17. Bg2 Rad8 18. d5 Nc8 19. Qd4 b5 20. a4 b4 21.
Ne4 Nd6 22. Nxd6 Qxd6 23. Qxc4 Rc8 24. Qd3 Rc5 25. Rac1 Rfc8 26. Qe3 Bd7 27. Rxc5 Qxc5 28. Qxc5 Rxc5 29. b3 Rc3 30. d6 Kf8 31. Re1 Rd3 32.
Rc1 Rxd6 33. Rc7 a6 34. Bf1 Be6 35. Bc4 Bxc4 36. Rxc4 a5 37. Rc5 Rd1+ 38. Kg2 Rd2+ 39. Kf3 Rxh2 40. Rxa5 Rb2 41. Ke4 Rxb3 42. g4 g6 43. Rb5 Rb1 44. g5 fxg5 45. fxg5 b3 46. Kd3 b2 47. Kc2 Ra1 48. Kxb2 Rxa4 49. Rb7 Kg8 50.
Rb5 Rf4 51. Kc3 Rf5 52. Rb8+ Kf7 53. Rb7+ Ke6 54. Rxh7 Rxg5 55. Kd4 Rf5 56. Ke4 Kf6 57. Rh8 Kg5 58. Rh1 Rf2 59. Rg1+ Kf6 60. Ke3 Rf5 61. Ke4 g5 62. Rg4 Kg6 63. Rg3 Rf8 64. Ke3 Kh5 65. Rg1 g4 66. Rh1+ Kg5 67. Rh7 g3 68. Ke2 Kg4 69. Ke1 g2 70. Rg7+ Kh3 71. Rh7+ Kg3 72. Rg7+ Kf3 73. Kd2 Rd8+ 74. Ke1 Re8+ 75. Kd2 Re4 0-1

[Event "*** Titled Tuesday Blitz"]
[Site "Chess.com"]
[Date "2018.04.03"]
[Round "4"]
[White "Margency"]
[Black "anon102030"]
[Result "1-0"]
[WhiteElo "2593"]
[BlackElo "2713"]
[TimeControl "180+2"]
[EndTime "13:54:02 PDT"]
[Termination "Margency won by resignation"]

1. e4 e5 2. Nf3 Nc6 3. Bc4 Bc5 4. d3 Nf6 5. O-O d6 6. c3 Bb6 7. Bb3 h6 8. Nbd2 O-O 9. h3 Be6 10. Nc4 Qd7 11. a4 Bxc4 12. Bxc4 a5 13. Re1 Rfe8 14.
Qb3 Rad8 15. Bd2 d5 16. exd5 Nxd5 17. Rad1 Qd6 18. Bc1 Rd7 19. Nd2 f5 20. Ne4 Qe6 21. Be3 Bxe3 22. fxe3 b6 23. Nf2 Nce7 24. e4 c6 25. exd5 Nxd5 26. Re2 Kh7 27. Rde1 Qd6 28.
Re3 Nxe3 29. Rxe3 Qc5 30. Re2 Ree7 31. Be6 Rd8 32. Bxf5+ g6 33. Be4 Rf8 34. Qd1 Rd7 35. Qd2 Kg7 36. Qe3 Qd6 37. Qxb6 h5 38. Qxc6 Rb8 39.
Qxd6 Rxd6 40. Nd1 Rdb6 41. Kf2 Rf8+ 42. Ke1 Rbf6 43. Ne3 Rb8 44. Nc4 Ra6 45. Kd2 Re8 46. Bf3 Kf6 47. Bb7 Ra7 48. Bc6 Ree7 49. Rf2+ Kg7 50.
Be4 Rac7 51. Ke3 Ra7 52. g4 hxg4 53. hxg4 Kh6 54. Nd6 Kg5 55. Nb5 Rad7 56. c4 Re6 57. c5 Kxg4 58. c6 Rd8 59. c7 Rh8 60. Bb7 Rh3+ 61.
Bf3+ Rxf3+ 62. Rxf3 Rc6 63. Rf6 Rxf6 64. c8=Q+ Kg3 65.
Qd8 Rf5 66. Nd6 Rf3+ 67. Ke4 Rf4+ 68. Kxe5 Rxa4 69. Ne4+ Kf3 70. Qg5 Rb4 71. Qg3+ Ke2 72. d4 a4 73. Qf2+ Kd3 74. Qf3+ Kc4 75. Qc3+ Kb5 76.
Nd6+ Kb6 77. Qxb4+ 1-0

[Event "*** Titled Tuesday Blitz"]
[Site "Chess.com"]
[Date "2018.04.03"]
[Round "4"]
[White "Alopekos"]
[Black "Eliwood44"]
[Result "1/2-1/2"]
[WhiteElo "2313"]
[BlackElo "2233"]
[TimeControl "180+2"]
[EndTime "13:54:12 PDT"]
[Termination "Game drawn by repetition"]

1. e4 e5 2. Nf3 Nc6 3. Bb5 a6 4. Ba4 Nf6 5. O-O b5 6. Bb3 Be7 7. a4 b4 8. d3 O-O 9. a5 h6 10. Re1 Rb8 11. Nbd2 d6 12. c3 Kh8 13.
Nc4 Bg4 14. Ba4 Na7 15. h3 Be6 16. Ne3 Nd7 17. d4 exd4 18. cxd4 Nf6 19. Qd3 Nb5 20.
d5 Bc8 21. Bd2 Nd7 22. Bxb4 Bf6 23. Ra2 Nc5 24. Bxc5 dxc5 25. e5 Be7 26. Bc2 g6 27. e6 f5 28. Ne5 Rf6 29. Nf7+ Rxf7 30. exf7 Nd4 31. Ba4 Qf8 32. Be8 Bf6 33. Nc2 Nxc2 34. Qxc2 Bb7 35. Qc4 Kg7 36. b4 cxb4 37. Qxc7 Bxd5 38.
Rae2 Rb7 39. Qc8 Qd6 40. Rd1 Re7 41. Rxe7 Bxe7 42. Qc1 Qe5 43. Qd2 Bxf7 44. Bxf7 Kxf7 45. Qd3 Qxa5 46. Qc4+ Kf8 47. Rd5 Qa1+ 48. Kh2 Qc3 49. Qxa6 Qc7+ 50. g3 Qc2 51. Qa8+ Kf7 52. Qa7 b3 53.
Rd7 Qe2 54. Rb7 b2 55. Qa2+ Kf6 56. Rxb2 Qe5 57. Rb6+ Kg7 58. Rb7 h5 59. Qa7 Kf7 60.
Qa2+ Kg7 61. h4 f4 62. Qb3 fxg3+ 63. fxg3 Qe2+ 64. Kg1 Kh6 65. Rb5 Qe1+ 66. Kg2 Qe2+ 67. Kh3 Qf1+ 68. Kh2 Qf2+ 69. Kh3 Qf1+ 70. Kh2 Qf2+ 71.
Kh1 Qf1+ 72. Kh2 Qf2+ 73. Kh3 Qf1+ 74. Kh2 Qf2+ 75. Kh1 Qf1+ 76. Kh2 1/2-1/2

[Event "*** Titled Tuesday Blitz"]
[Site "Chess.com"]
[Date "2018.04.03"]
[Round "4"]
[White "ilmago"]
[Black "1random"]
[Result "0-1"]
[WhiteElo "1924"]
[BlackElo "2179"]
[TimeControl "180+2"]
[EndTime "13:54:17 PDT"]
[Termination "1random won by checkmate"]

1. e4 d5 2. exd5 Nf6 3. Nc3 Nxd5 4. Bc4 c6 5. Nge2 Bf5 6. d3 e6 7. O-O Be7 8. f3 O-O 9. g4 Bg6 10. f4 f6 11. Ng3 Bf7 12. Qe2 b5 13. Bb3 Bc5+ 14.
Kg2 Qc7 15. Nce4 Be7 16. c4 Nb6 17. Be3 N8d7 18. Rac1 Qb7 19. Qf3 Rab8 20. cxb5 cxb5 21. Nc5 Qxf3+ 22. Kxf3 Bxc5 23. Bxc5 Rfd8 24. Ne4 e5 25. Bxf7+ Kxf7 26. Bb4 exf4 27. Bd6 Rbc8 28. Bc7 Ne5+ 29. Kg2 Nxd3 30. Rc3 Rd5 31. Nd6+ Rxd6 32. Bxd6 Rxc3 33.
bxc3 g5 34. Rd1 Nb2 35. Rb1 N2c4 36. Bc5 Na4 37. Rxb5 a6 38. Rb7+ Kg6 39. Bd4 h5 40. Rc7 Nd2 41. Rc6 hxg4 42. Rxf6+ Kh5 43. Rxa6 Nb2 44. Rb6 f3+ 45. Kf2 Nbc4 46. Rb8 Ne4+ 47. Ke1 g3 48. Rh8+ Kg4 49. hxg3 Kxg3 50. Re8 Kf4 51.
Rf8+ Kg3 52. a4 g4 53. Rc8 Nb2 54. a5 Nd3+ 55. Kd1 Kg2 56. a6 g3 57. a7 f2 58.
Bxf2 gxf2 59. Rg8+ Kh2 60. Rf8 Kg3 61. a8=Q Nf4 62.
Qxe4 f1=Q+ 63. Kc2 Qf2+ 64. Kb3 Qb6+ 65. Qb4 Qe6+ 66. c4 Nd3 67. Qb8+ Ne5 68. Rg8+ Kf4 69. Re8 Qxc4+ 70. Ka3 Qc3+ 71. Ka4 Qa1+ 72. Kb5 Qb2+ 73. Kc5 Qc3+ 74. Kd5 Qc6+ 75. Kd4 Qc4# 0-1

[Event "*** Titled Tuesday Blitz"]
[Site "Chess.com"]
[Date "2018.04.03"]
[Round "4"]
[White "lucasran"]
[Black "Bauxi435"]
[Result "1-0"]
[WhiteElo "2407"]
[BlackElo "2439"]
[TimeControl "180+2"]
[EndTime "13:54:24 PDT"]
[Termination "lucasran won by checkmate"]

1. d4 Nf6 2. c4 e6 3. Nc3 d5 4.
Bg5 Be7 5. e3 a6 6. cxd5 Nxd5 7.
Bxe7 Qxe7 8. Nxd5 exd5 9. Nf3 Bf5 10. Rc1 c6 11. Be2 O-O 12. O-O Nd7 13. Qb3 Rab8 14. a4 a5 15. Ne1 Nf6 16. Nd3 Ne4 17. Rfd1 Rfc8 18. Qb6 Re8 19. Qxa5 Ra8 20. Qb6 Rxa4 21. Ra1 Rea8 22. Rxa4 Rxa4 23. Qb3 Ra8 24. Re1 g6 25. Rc1 h5 26. h3 Kg7 27. Qd1 Qg5 28. Kh2 Qh4 29. Kg1 Qe7 30. Ra1 Rxa1 31. Qxa1 h4 32. Qc1 Ng5 33. Nf4 Ne4 34. Nd3 g5 35. Nc5 Nd6 36. Bd3 Be4 37. Nxe4 dxe4 38. Be2 f5 39. Qc5 Kf6 40. b4 Nf7 41. Qc4 Qe6 42. Qc5 Qd6 43.
Qb6 Qd7 44. b5 Nd6 45. bxc6 Qxc6 46. Qd8+ Ke6 47. Qg8+ Nf7 48. Qg6+ Ke7 49. Qxf5 Qc1+ 50. Bf1 Nd6 51. Qe5+ Kd7 52. Qxg5 Nc4 53. Qb5+ Kc7 54. Qxc4+ Qxc4 55. Bxc4 Kd6 56. g3 hxg3 57. fxg3 b6 58.
h4 Ke7 59. g4 Kf6 60. Kg2 Kg7 61. Kg3 Kf6 62. g5+ Kf5 63. Bb5 Kg6 64. Kg4 Kh7 65. h5 Kg7 66. Bc6 Kh7 67. Bxe4+ Kg7 68. h6+ Kh8 69.
Bc6 b5 70. Bxb5 Kg8 71. Kf5 Kh8 72. g6 Kg8 73. Bc4+ Kf8 74. g7+ Ke7 75. g8=Q Kd6 76. Qe6+ Kc7 77. Bd5 Kd8 78. Qf7 Kc8 79. Bc6 Kd8 80.
Qd7# 1-0

[Event "*** Titled Tuesday Blitz"]
[Site "Chess.com"]
[Date "2018.04.03"]
[Round "4"]
[White "Hrant_ChessMood"]
[Black "KNVB"]
[Result "0-1"]
[WhiteElo "2920"]
[BlackElo "2601"]
[TimeControl "180+2"]
[EndTime "13:55:08 PDT"]
[Termination "KNVB won by resignation"]

1. d4 Nf6 2. Nf3 e6 3. g3 b5 4.
Bg5 Bb7 5. Nbd2 d5 6. e3 a6 7. a4 b4 8. Nb3 a5 9. Ne5 h6 10. Bxf6 gxf6 11. Nd3 Nd7 12. Qh5 f5 13. Qd1 c6 14.
Nf4 Bd6 15. Be2 Qb6 16. O-O Ke7 17. Rb1 c5 18. c4 dxc4 19. Bxc4 cxd4 20. Nxd4 Ne5 21.
Be2 Rad8 22. Rc1 Bc5 23. Qc2 Bxd4 24. exd4 Rxd4 25. Qc7+ Qxc7 26. Rxc7+ Rd7 27. Rc5 Nf3+ 28. Bxf3 Bxf3 29. Rxa5 Rd4 30. Re1 Rhd8 31. Rae5 Kf6 32. R5e3 Bb7 33. h4 R8d6 34. b3 Be4 35. f3 Bc2 36.
Kf2 Rd2+ 37. R1e2 Rxe2+ 38. Kxe2 Bd1+ 39. Ke1 Bc2 40. Ne2 e5 41. f4 Rd1+ 42. Kf2 e4 43. a5 Ke6 44. a6 Kd5 45. a7 Ra1 46. g4 Rxa7 47. gxf5 Bd3 48. Ng3 Ra2+ 49. Kg1 Kd4 50. Re1 e3 51. f6 Rb2 52. Rd1 Rb1 53. Ne2+ Ke4 54. Rxb1 Bxb1 55. Nc1 Kf3 56. Kf1 Bc2 57. Na2 Bxb3 58. Nxb4 Bc4+ 59. Ke1 Kxf4 60. Nc2 Bd3 61. Nb4 Bc4 62. Nc6 Kf5 63. Nd4+ Kxf6 64. Nc2 e2 65.
Kf2 Ba6 66. Ne3 h5 67. Nc2 Kf5 68. Nb4 Bc4 69. Nc6 f6 70. Ne7+ Kg4 71. Ng6 Bd3 72.
Nf8 Kxh4 73. Nd7 Kg5 74. Nc5 Bb5 75. Ne4+ Kg6 76. Nc3 Ba6 77. Nd5 h4 78. Nf4+ Kg5 79. Nh3+ Kg4 80. Ng1 h3 81. Nf3 Kf4 82. Nh2 Bb7 83.
Kxe2 Kg3 84. Nf1+ Kg2 85. Ne3+ Kg1 86. Nd1 h2 87. Nf2 h1=Q 88. Nxh1 Kxh1 89. Ke3 Bc8 0-1

[Event "*** Titled Tuesday Blitz"]
[Site "Chess.com"]
[Date "2018.04.03"]
[Round "4"]
[White "SantoBlue"]
[Black "denizozen"]
[Result "0-1"]
[WhiteElo "2613"]
[BlackElo "2640"]
[TimeControl "180+2"]
[EndTime "13:55:56 PDT"]
[Termination "denizozen won by resignation"]

1. e4 e6 2. d4 d5 3. Nd2 c5 4.
exd5 Qxd5 5. dxc5 Bxc5 6. Ngf3 Nf6 7. Bc4 Qc6 8. Qe2 O-O 9. Nb3 a6 10. Nxc5 Qxc5 11. Be3 Qc6 12. a4 Nbd7 13. O-O b6 14.
Nd4 Qc7 15. c3 Ne5 16. Bb3 Neg4 17. g3 Nxe3 18. Qxe3 Bb7 19. Rfe1 Rad8 20. Qe5 Qd7 21. a5 b5 22. h3 Ba8 23. Bd1 Nd5 24. Bf3 Rfe8 25.
h4 h6 26. Bg2 Nf6 27. Bxa8 Rxa8 28. Rad1 Rad8 29. Rd2 Qd5 30. Qe2 Qb7 31. Rd3 e5 32. Nf5 Rxd3 33. Qxd3 Qc7 34. Qf3 e4 35. Qe3 Qxa5 36. Qa7 Qa2 37. Nd6 Rd8 38. Qc7 Rf8 39. b4 Qd2 40. Kf1 Nd5 41. Qc5 e3 42. fxe3 Nxc3 43.
Nf5 Ne4 44. Ne7+ Kh8 45. Ng6+ fxg6+ 46. Qxf8+ Kh7 47. Qf3 Nf6 48. e4 h5 49. e5 Ng4 50.
Qe2 Qc3 51. Kg2 Qxb4 52. e6 Qe7 53. Qe4 b4 54. Rd1 b3 55. Rd7 Qf6 56. Rd2 Qe7 57. Re2 a5 58. Qa4 Qb7+ 59. Qe4 Qe7 60. Qa4 Qb7+ 61.
Qe4 Qe7 62. Rb2 Qa3 63. Rd2 Qe7 64. Rd7 Qf6 65. Rd2 b2 66. e7 b1=Q 67. Qxb1 Qxe7 68. Qd3 a4 69. Qf3 Qb4 70. Re2 Qd4 71. Qf4 Qa7 72. Ra2 Qb7+ 73. Qf3 Qa7 74. Qa3 Qb7+ 75.
Qf3 Ne3+ 76. Kf2 Ng4+ 77. Kg2 Qb4 78. Qf4 Qb3 79. Qxa4 Qd5+ 80. Kg1 Qc5+ 81. Kg2 Qd5+ 82. Kg1 Qf3 83. Qf4 Qd1+ 84. Qf1 Qd4+ 85. Kh1 Qd5+ 86. Qg2 Qd1+ 87. Qg1 Qb3 88. Rg2 Qf3 89. Qe1 Ne3 90. Qf2 Qd1+ 91. Rg1 Qd5+ 92. Rg2 Qe4 93. Kg1 Nxg2 94. Qxg2 Qxg2+ 95. Kxg2 g5 96. Kf3 Kg6 97. Ke4 Kf6 98. hxg5+ Kxg5 99. Ke3 Kg4 100. Kf2 h4 101. gxh4 Kxh4 0-1

[Event "*** Titled Tuesday Blitz"]
[Site "Chess.com"]
[Date "2018.04.03"]
[Round "4"]
[White "amintabatabaei"]
[Black "Keranke"]
[Result "1-0"]
[WhiteElo "2650"]
[BlackElo "2612"]
[TimeControl "180+2"]
[EndTime "13:56:10 PDT"]
[Termination "amintabatabaei won by resignation"]

1. e4 g6 2. d4 Bg7 3. Nf3 d6 4. Bc4 Nf6 5. Qe2 O-O 6. O-O c6 7. Bb3 Qc7 8. Rd1 e5 9. dxe5 dxe5 10. Nbd2 b5 11. a4 a6 12. Nf1 Nbd7 13. axb5 cxb5 14. Ne3 Nc5 15. Nd5 Nxd5 16. Bxd5 Bb7 17. Bg5 h6 18. Bh4 Bxd5 19. Rxd5 Ne6 20. Bg3 Nf4 21. Bxf4 exf4 22. e5 Rac8 23. c3 Qb7 24. Rad1 Rfe8 25. h4 Rc6 26. Rd7 Rc7 27. R7d4 Rce7 28. Rd8 Rxd8 29.
Rxd8+ Kh7 30. h5 Qc7 31. hxg6+ fxg6 32. Rd5 Qc8 33. Qe4 Qg4 34. Rd6 a5 35. Rd5 b4 36.
Rxa5 bxc3 37. bxc3 Rd7 38. Rd5 Ra7 39. Rd1 Re7 40.
Re1 h5 41. c4 h4 42. Kh2 Kh6 43. c5 Rc7 44. e6 Bf8 45. Ne5 Qxe6 46. Qxf4+ Kg7 47.
Ng4 Qf7 48. Qe5+ Kh7 49. Nf6+ Kh6 50. Ne4 Re7 51. Qg5+ Kg7 52. Qxh4 Qf5 53. f3 Re5 54. Qf2 Bxc5 55. Nxc5 Rxc5 56. Qd4+ Kf7 57. Re4 Qh5+ 58.
Kg1 Rc1+ 59. Kf2 Qc5 60. Qxc5 Rxc5 61. Kg3 Kf6 62. Ra4 Rb5 63. Kf4 Rb6 64. g4 g5+ 65. Kg3 Kg6 66. Ra5 Rc6 67. Ra4 Rb6 68. Kf2 Re6 69.
Re4 Ra6 70. Rd4 Rb6 71. Ke3 Ra6 72. Rd5 Re6+ 73. Kd4 Rf6 74. Ke4 Rf4+ 75. Ke3 Rf6 76. Re5 Ra6 77. Rd5 Re6+ 78. Kd3 Rf6 79. Ke2 Re6+ 80.
Kf2 Ra6 81. Rd2 Rb6 82. Ra2 Rc6 83. Ra4 Rb6 84. Ke3 Re6+ 85. Re4 Ra6 86. Re5 Rf6 87. Rc5 Re6+ 88. Kd4 Rf6 89. Rc3 Ra6 90. Kd5 Ra5+ 91. Kd6 Kf6 92. Rc6 Rb5 93. Ra6 Rb3 94. Kd5+ Kg7 95. Ke4 Rb5 96. Rd6 Kf7 97. Rd5 Rb4+ 98. Kf5 Rf4+ 99. Kxg5 Rxf3 100. Rf5+ Rxf5+ 101. Kxf5 Kg7 102. Kg5 Kf7 103. Kh6 1-0

[Event "*** Titled Tuesday Blitz"]
[Site "Chess.com"]
[Date "2018.04.03"]
[Round "4"]
[White "ST-Sandavagur"]
[Black "spidernv"]
[Result "1/2-1/2"]
[WhiteElo "2426"]
[BlackElo "2344"]
[TimeControl "180+2"]
[EndTime "13:57:42 PDT"]
[Termination "Game drawn by repetition"]

1. e4 c6 2. d4 d5 3. f3 e6 4. Nc3 dxe4 5. fxe4 Bb4 6. Qd3 Nf6 7. Nf3 Qa5 8. Bd2 Nbd7 9. e5 Nd5 10. Ne4 Bxd2+ 11.
Nfxd2 O-O 12. c3 f5 13. exf6 N7xf6 14. Nxf6+ Nxf6 15. Be2 e5 16. Nc4 Qd5 17. Nxe5 Qxg2 18. O-O-O Qg5+ 19. Qd2 Qxd2+ 20. Kxd2 Ne4+ 21. Ke3 Nf2 22. Bc4+ Kh8 23. Rdf1 Ng4+ 24. Kd2 Nf6 25. Nf7+ Kg8 26.
Ne5+ Kh8 27. Rhg1 Bh3 28. Rf3 Ne4+ 29. Ke3 Rxf3+ 30. Nxf3 Nd6 31. Bd3 Re8+ 32. Ne5 Be6 33. b3 Bg8 34. Kd2 Nf7 35. Nf3 Rd8 36. Rg3 Nd6 37. Ne5 c5 38. Ng6+ hxg6 39. Rh3+ Bh7 40. Bxg6 cxd4 41. Bxh7 dxc3+ 42. Kxc3 g5 43. Bd3+ Kg7 44.
Rh7+ Kf6 45. Rh6+ Ke5 46. Rg6 Kf4 47. Rg7 Rc8+ 48. Kd2 Rd8 49. Ke2 Re8+ 50. Kf2 Re3 51. Bc2 Rh3 52. Kg2 Rc3 53. Bh7 Re3 54. Rd7 Re2+ 55.
Kf1 Rd2 56. Ke1 Rd4 57. Ke2 Rd5 58. a4 a5 59. Bg8 Rd4 60. Ke1 Ke5 61. Rg7 Kf6 62. Rd7 Ke5 63. Rg7 Kf4 64. Rd7 b6 65. Ke2 Ke5 66. Rg7 Ne4 67. Re7+ Kf6 68. Rf7+ Kg6 69.
Rb7 Rb4 70. Bc4 Nc5 71. Rc7 Nxb3 72. Rc6+ Kf5 73. Bxb3 Rxb3 74. Kf2 Rb4 75. Kf3 g4+ 76. Kg3 Ke5 77. Rg6 Kf5 78. Rd6 Rb3+ 79. Kg2 Kf4 80. Rf6+ Kg5 81. Rd6 Rb4 82. Kg3 Rb3+ 83. Kg2 Kf5 84.
Kf2 Ke5 85. Rg6 Rb4 86. Kg3 Kf5 87. Rd6 Rb3+ 88. Kg2 Kf4 89. Rf6+ Kg5 90. Rd6 Kh5 91. Re6 Kg5 92. Rd6 Kf5 93. Rh6 Rb4 94. Kg3 Rxa4 95.
Rxb6 Ra3+ 96. Kg2 a4 97. Ra6 Ra1 98. Kg3 a3 99. Kg2 a2 100. Ra4 Kg5 101. Ra5+ Kf6 102. Ra4 Ke6 103. h3 gxh3+ 104. Kh2 Kd5 105. Ra8 Kc4 106. Ra7 Kb5 107. Ra8 Kb4 108. Rb8+ Ka3 109. Ra8+ Kb2 110. Rb8+ Kc1 111. Ra8 Kd1 112. Ra7 Ke2 113. Ra8 Kf3 114. Ra7 Kg4 115. Ra8 Kf5 116. Ra7 Ke6 117. Ra3 Kd5 118. Ra8 Kc4 119. Ra7 Kb3 120. Rb7+ Ka4 121. Ra7+ Kb5 122. Ra8 Kb6 123. Ra3 Kb5 124. Ra8 1/2-1/2

[Event "*** Titled Tuesday Blitz"]
[Site "Chess.com"]
[Date "2018.04.03"]
[Round "5"]
[White "Zhuu96"]
[Black "blitzcopter"]
[Result "1-0"]
[WhiteElo "2750"]
[BlackElo "2148"]
[TimeControl "180+2"]
[EndTime "14:01:36 PDT"]
[Termination "Zhuu96 won by resignation"]

1. e4 c6 2. d4 d5 3. Nc3 dxe4 4. Nxe4 Bf5 5. Ng3 Bg6 6. Nf3 Nd7 7. h4 h6 8. h5 Bh7 9. Bd3 Bxd3 10. Qxd3 e6 11. Bd2 Ngf6 12. O-O-O Be7 13. Nf1 Qc7 14. Ne3 O-O-O 15. Nc4 Nb6 16. Nce5 Bd6 17. Ba5 Rhf8 18. Qb3 c5 19. dxc5 Bxc5 20. Nd3 Bd6 21. Rh4 Nfd5 22.
Kb1 Be7 23. Rg4 Bf6 24. c4 Ne7 25. c5 Rxd3 26. Qxd3 Qxc5 27. Rc1 1-0

[Event "*** Titled Tuesday Blitz"]
[Site "Chess.com"]
[Date "2018.04.03"]
[Round "5"]
[White "fancyknightmaneuvers"]
[Black "Danny_The_Donkey"]
[Result "0-1"]
[WhiteElo "2515"]
[BlackElo "2658"]
[TimeControl "180+2"]
[EndTime "14:02:04 PDT"]
[Termination "Danny_The_Donkey won by resignation"]

1. Nf3 Nf6 2. c4 e6 3. g3 d5 4. Bg2 c5 5. O-O d4 6. d3 Nc6 7. a3 Bd6 8. Nbd2 Qe7 9. Ng5 O-O 10. Nge4 Nxe4 11. Nxe4 Bc7 12. b4 cxb4 13. axb4 Nxb4 14. Ba3 a5 15. Qb3 Bd7 16. Rfb1 f5 17. Nd2 Bc6 18. Bxb4 axb4 19. Rxa8 Rxa8 20. Qxb4 Qxb4 21. Rxb4 Ba5 22. Rb2 Bc3 23. Rc2 Ra1+ 24. Nf1 Ba4 0-1

[Event "*** Titled Tuesday Blitz"]
[Site "Chess.com"]
[Date "2018.04.03"]
[Round "5"]
[White "ChessQueen"]
[Black "olomi007"]
[Result "1-0"]
[WhiteElo "2659"]
[BlackElo "2543"]
[TimeControl "180+2"]
[EndTime "14:02:39 PDT"]
[Termination "ChessQueen won by resignation"]

1. e4 c5 2. Nf3 d6 3. Bb5+ Nd7 4. c3 a6 5. Ba4 b5 6. Bc2 Ngf6 7. O-O g6 8. a4 Bb7 9. Qe2 Bg7 10. d4 cxd4 11. cxd4 O-O 12. e5 dxe5 13. dxe5 Bxf3 14. gxf3 Nh5 15.
f4 Nc5 16. Nc3 Ne6 17. Rd1 Nd4 18. Qe4 Nxc2 19. Rxd8 Rfxd8 20. Qxc2 b4 21. Ne4 Rac8 22. Nc5 b3 23. Qxb3 Rc6 24. Be3 1-0

[Event "*** Titled Tuesday Blitz"]
[Site "Chess.com"]
[Date "2018.04.03"]
[Round "5"]
[White "Supernotar"]
[Black "FearNoEvil12"]
[Result "1/2-1/2"]
[WhiteElo "2105"]
[BlackElo "1986"]
[TimeControl "180+2"]
[EndTime "14:02:44 PDT"]
[Termination "Game drawn - insufficient material"]

1. d4 b5 2. e4 a6 3. Nf3 Bb7 4.
Bd3 e6 5. Qe2 Nf6 6. O-O d6 7.
Re1 Nbd7 8. Nbd2 h6 9. c3 g5 10.
Nf1 Rg8 11. a4 bxa4 12. Rxa4 g4 13. N3d2 h5 14. Bxa6 Rxa6 15. Rxa6 Bxa6 16. Qxa6 h4 17. Qc6 Bh6 18. Nc4 Bxc1 19. Rxc1 Ke7 20. e5 dxe5 21.
dxe5 Nd5 22. Nfe3 Nxe3 23. fxe3 Qa8 24. Qxc7 h3 25. Qd6+ Ke8 26. Qxd7+ Kxd7 27. Nb6+ Kc6 28. Nxa8 Rxa8 29. gxh3 gxh3 30. Kf2 Ra2 31. Rc2 Kd5 32. Kg3 Kxe5 33. Kxh3 Ke4 34. Kg4 f5+ 35. Kg5 Kxe3 36.
h4 f4 37. h5 f3 38. h6 f2 39. Rxf2 Kxf2 40. Kf6 Rxb2 41. h7 Rb8 42. c4 Rh8 43. Kg7 Rxh7+ 44. Kxh7 e5 45. c5 e4 46. c6 e3 47. c7 e2 48. c8=Q e1=Q 49. Qf5+ Ke2 50.
Qe4+ Kd1 51. Qd3+ Qd2 52. Qb1+ Qc1 53. Qxc1+ Kxc1 1/2-1/2

[Event "*** Titled Tuesday Blitz"]
[Site "Chess.com"]
[Date "2018.04.03"]
[Round "5"]
[White "BogdanDeac"]
[Black "TheLancer"]
[Result "1-0"]
[WhiteElo "2693"]
[BlackElo "2437"]
[TimeControl "180+2"]
[EndTime "14:02:45 PDT"]
[Termination "BogdanDeac won by resignation"]

1. d4 Nf6 2. c4 e6 3. g3 Bb4+ 4.
Nd2 Ne4 5. Bg2 Nxd2 6. Bxd2 Qe7 7. Nf3 Bxd2+ 8. Qxd2 d6 9. O-O O-O 10. Qc3 Re8 11.
c5 e5 12. cxd6 cxd6 13. Rac1 Nc6 14. d5 Nd8 15. Nd2 Bd7 16. e4 h6 17. Qa3 Bb5 18. Rfe1 b6 19. Bh3 Bd7 20. Rc7 f5 21. Bxf5 Bxf5 22.
Rxe7 Rxe7 23. exf5 Nb7 24. Ne4 Nc5 25. f6 gxf6 26. Nxf6+ Kg7 27. Ne4 Rd8 28. b4 1-0

[Event "*** Titled Tuesday Blitz"]
[Site "Chess.com"]
[Date "2018.04.03"]
[Round "5"]
[White "Konavets"]
[Black "ahmadzada13"]
[Result "1-0"]
[WhiteElo "2767"]
[BlackElo "2604"]
[TimeControl "180+2"]
[EndTime "14:02:49 PDT"]
[Termination "Konavets won by resignation"]

1. e4 e5 2. Nf3 Nc6 3. Bc4 Bc5 4. c3 Nf6 5. d3 d6 6. O-O O-O 7. a4 a6 8. Na3 h6 9. Nc2 Be6 10. Bxe6 fxe6 11. b4 Ba7 12. Be3 Bxe3 13. Nxe3 d5 14. Qb3 Kh8 15. b5 axb5 16. axb5 Na5 17. Qb4 b6 18. Nxe5 Kh7 19. exd5 exd5 20. Rae1 Qd6 21. Qxd6 cxd6 22. Nf3 Nb3 23. Nf5 Nc5 24. Re7 Rg8 25. Rd1 Ra3 26. Nxd6 Rxc3 27. Ne5 d4 28. h4 Nd5 29. Rf7 Nb4 30. Ng4 Kh8 31. Re1 Ncxd3 32.
Re6 Nc5 33. Rxh6+ gxh6 34. Nf6 1-0

[Event "*** Titled Tuesday Blitz"]
[Site "Chess.com"]
[Date "2018.04.03"]
[Round "5"]
[White "Bigfish1995"]
[Black "petrpalachev"]
[Result "0-1"]
[WhiteElo "2762"]
[BlackElo "2603"]
[TimeControl "180+2"]
[EndTime "14:03:00 PDT"]
[Termination "petrpalachev won on time"]

1. e4 c5 2. Nf3 Nc6 3. d4 cxd4 4. Nxd4 g6 5. Nc3 Bg7 6. Be3 Nf6 7. Bc4 O-O 8. Bb3 Re8 9. O-O e6 10. h3 d5 11.
exd5 exd5 12. Re1 a6 13. Qd2 Be6 14. Rad1 Na5 15. Nxe6 fxe6 16. Bd4 Nxb3 17. axb3 Rc8 18. Qd3 Qd7 0-1

[Event "*** Titled Tuesday Blitz"]
[Site "Chess.com"]
[Date "2018.04.03"]
[Round "5"]
[White "ST-Sandavagur"]
[Black "a_kandil"]
[Result "1-0"]
[WhiteElo "2435"]
[BlackElo "2296"]
[TimeControl "180+2"]
[EndTime "14:03:01 PDT"]
[Termination "ST-Sandavagur won by resignation"]

1. e4 c5 2. Nf3 d6 3. Bb5+ Bd7 4. Bxd7+ Qxd7 5. c4 Nc6 6. d4 cxd4 7. Nxd4 Nf6 8.
Nc3 g6 9. f3 Bg7 10. Be3 O-O 11.
O-O a6 12. a4 Rac8 13. b3 Rfd8 14. Nde2 e6 15. Bb6 Re8 16. Qd2 Qe7 17. Rfd1 Nd7 18. Be3 Nc5 19. Rab1 Red8 20. b4 Nd7 21. Qxd6 Qf6 22.
Qg3 Nde5 23. Bg5 1-0

[Event "*** Titled Tuesday Blitz"]
[Site "Chess.com"]
[Date "2018.04.03"]
[Round "5"]
[White "vovachesss"]
[Black "ruvat"]
[Result "0-1"]
[WhiteElo "2408"]
[BlackElo "2281"]
[TimeControl "180+2"]
[EndTime "14:03:06 PDT"]
[Termination "ruvat won on time"]

1. c4 d6 2. Nc3 e5 3. b3 f5 4.
Bb2 Nf6 5. g3 g6 6. Bg2 Bg7 7.
d3 O-O 8. e4 f4 9. gxf4 Nh5 10.
Nge2 Nxf4 11. Nxf4 Rxf4 12. Nd5 Rf7 13. Qe2 Qh4 14. O-O c6 15. Ne3 Nd7 0-1

[Event "*** Titled Tuesday Blitz"]
[Site "Chess.com"]
[Date "2018.04.03"]
[Round "5"]
[White "r31415"]
[Black "Gattass"]
[Result "1-0"]
[WhiteElo "2200"]
[BlackElo "2194"]
[TimeControl "180+2"]
[EndTime "14:03:09 PDT"]
[Termination "r31415 won by checkmate"]

1. e4 c5 2. Nf3 Nc6 3. d4 cxd4 4. Nxd4 Nf6 5. Nc3 e6 6. Ndb5 d6 7. Bf4 e5 8. Bg5 a6 9. Na3 b5 10. Bxf6 gxf6 11. Nd5 f5 12. Bd3 Be6 13. Qh5 Rg8 14. g3 Rg5 15. Qd1 Qa5+ 16. c3 b4 17. Nc4 Qc5 18.
Nc7+ Kd7 19. Nxa8 Bxc4 20. Bxc4 Qa7 21. Qd5 bxc3 22. Qxf7+ Be7 23. h4 Rg4 24. Qxf5+ Kd8 25. Qxg4 cxb2 26. Qg8+ Kd7 27. Be6# 1-0

[Event "*** Titled Tuesday Blitz"]
[Site "Chess.com"]
[Date "2018.04.03"]
[Round "5"]
[White "RojonR"]
[Black "FitnessBen"]
[Result "1-0"]
[WhiteElo "2398"]
[BlackElo "2468"]
[TimeControl "180+2"]
[EndTime "14:03:15 PDT"]
[Termination "RojonR won by resignation"]

1. e4 c5 2. Nf3 Nc6 3. Bb5 g6 4.
Bxc6 dxc6 5. d3 Bg7 6. h3 e5 7. Be3 Qe7 8. Qd2 Nf6 9. Nc3 Nd7 10.
Ne2 Nf8 11. Bh6 f6 12. Bxg7 Qxg7 13. c3 Ne6 14. d4 cxd4 15. cxd4 exd4 16. Nexd4 O-O 17.
O-O Bd7 18. Rad1 Nc5 19. Rfe1 Rad8 20. Qc3 Ne6 21. e5 fxe5 22. Nxe5 Qf6 23. Ng4 Qf4 24.
Nxe6 Bxe6 25. Rxd8 Rxd8 26. Rxe6 1-0